Rafales vs Inferno
Created - January 3, 2021 at 22:21
Goals
|
| Rafales |
0 |
2 |
0 |
0 |
2 |
| Inferno |
1 |
0 |
1 |
1 |
3 |
|
Shots
|
| Rafales |
10 |
15 |
3 |
0 |
28 |
| Inferno |
13 |
13 |
10 |
1 |
37 |
|
1st period
1. Inferno , Victor Rask 10 (Evgeny Svechnikov 6, Esa Lindell 32) at 3:44
Penalties :
Brian Ferlin (Stf) for Goalie Interference (Minor) at 17:38
2nd period
2. Rafales , Brian Ferlin 16 (Zac Dalpe 24, Connor Murphy 23) at 2:56
3. Rafales , Zac Dalpe 13 (James Sheppard 13, Brian Ferlin 12) at 4:27 (PP)
Penalties :
Garret Ross (Stf) for Interference (Minor) at 0:26, Trevor Carrick (Anc) for Hooking (Minor) at 3:59, Vladimir Sobotka (Anc) for Delaying the game (Minor) at 4:14, Cade Fairchild (Stf) for Elbowing (Minor) at 5:12, David Savard (Anc) for Cross-checking (Minor) at 10:52, Slater Koekkoek (Stf) for Hooking (Minor) at 19:54
3rd period
4. Inferno , Tanner Pearson 25 (Bryan Rust 15, Vladimir Sobotka 9) at 16:12
Penalties :
Jake DeBrusk (Anc) for High sticking (Minor) at 6:22, Jayson Megna (Stf) for Elbowing (Minor) at 10:40, Connor Murphy (Stf) for Holding (Minor) at 16:15
Overtime #1
5. Inferno , Philip Varone 23 (Greg Pateryn 7, Mathieu Brodeur 6) at 1:34
Penalties :
No Penalty
Goalie Stats
Sean Maguire (Stf), 34 saves from 37 shots - (0.919), OTL, 4-1-1, 61:34 minutes
Michael Hutchinson (Anc), 26 saves from 28 shots - (0.929), W, 16-5-4, 61:34 minutes
Players Stats for Rafales
Player Name G A P +/- PIM S H SB GA TA FO MP PP MP PK MP
------------------------------------------------------------------------------------
Andrew Shaw 0 0 0 0 0 4 2 1 0 1 0/0 15:55 2:09 0:09
Ben Thomson 0 0 0 -3 0 3 0 0 1 0 0/0 13:17 0:09 2:28
Borna Rendulic 0 0 0 0 0 1 0 1 0 0 0/0 7:43 0:10 0:00
Brian Ferlin 1 1 2 0 2 2 3 1 0 0 2/2 22:21 2:52 4:53
Cade Fairchild 0 0 0 -2 2 2 3 0 0 0 0/0 24:40 2:14 5:15
Connor Murphy 0 1 1 0 2 3 2 1 0 1 0/0 29:13 2:56 4:40
Gabriel Carlsson 0 0 0 0 0 0 0 0 0 0 0/0 1:56 0:00 0:00
Garret Ross 0 0 0 0 2 1 0 0 0 1 0/0 14:00 2:09 0:47
James Livingstone 0 0 0 -2 0 3 0 0 1 1 0/1 9:38 0:00 0:00
James Sheppard 0 1 1 1 0 1 3 0 1 1 0/0 20:00 2:53 2:29
Jayson Megna 0 0 0 0 2 0 1 0 0 1 10/16 18:11 2:09 4:07
Joe Labate 0 0 0 -2 0 2 2 1 0 0 4/12 13:48 0:00 3:25
Joey Laleggia 0 0 0 -2 0 1 0 1 0 1 0/0 16:31 0:00 1:04
Julian Melchiori 0 0 0 0 0 1 2 2 0 0 0/0 27:33 2:56 5:51
Pavel Kraskovsky 0 0 0 0 0 2 0 0 0 0 5/6 7:24 0:00 0:16
Slater Koekkoek 0 0 0 0 2 0 2 1 0 1 0/0 22:05 2:15 4:47
Tyrell Goulbourne 0 0 0 0 0 0 0 0 0 0 0/0 7:36 0:00 0:16
Zac Dalpe 1 1 2 1 0 2 2 1 0 0 12/25 22:25 3:02 3:05
Players Stats for Inferno
Player Name G A P +/- PIM S H SB GA TA FO MP PP MP PK MP
------------------------------------------------------------------------------------
Barclay Goodrow 0 0 0 0 0 1 1 0 0 0 0/0 6:29 0:00 0:00
Bryan Rust 0 1 1 2 0 5 0 1 1 1 1/1 20:52 4:48 0:59
Chris Brown 0 0 0 0 0 0 0 0 0 0 0/0 1:36 0:36 0:03
David Savard 0 0 0 1 2 0 1 2 1 0 0/0 25:57 6:56 2:14
Dominik Masin 0 0 0 0 0 0 0 0 0 0 0/0 0:00 0:00 0:00
Eric Karlsson 0 0 0 0 0 0 0 0 0 0 0/0 2:52 0:52 1:13
Esa Lindell 0 1 1 1 0 2 0 2 1 0 0/0 26:56 6:56 3:17
Evgeny Svechnikov 0 1 1 1 0 1 0 0 0 0 0/0 10:54 0:25 0:00
Greg Pateryn 0 1 1 2 0 1 2 0 0 1 0/0 18:43 3:57 1:35
Jake DeBrusk 0 0 0 1 2 2 0 0 0 1 0/0 11:40 0:25 0:54
John Gilmour 0 0 0 0 0 0 0 0 0 0 0/0 5:26 0:00 0:00
Kevin Labanc 0 0 0 -1 0 2 0 0 0 0 0/1 15:28 4:38 0:00
Mathieu Brodeur 0 1 1 2 0 2 2 0 1 0 0/0 18:43 3:57 1:35
Matthew Nieto 0 0 0 -1 0 1 1 0 0 0 0/1 15:45 4:38 0:17
Peter Cehlarik 0 0 0 0 0 0 0 0 0 0 0/0 6:29 0:00 0:00
Petteri Lindbohm 0 0 0 0 0 0 0 0 0 0 0/0 5:56 0:00 0:19
Philip Varone 1 0 1 0 0 2 5 0 1 0 7/13 16:55 4:38 0:59
Rasmus Andersson 0 0 0 -1 0 0 0 0 0 0 0/0 11:02 0:00 1:03
Ryan Donato 0 0 0 0 0 0 0 0 0 0 0/0 0:00 0:00 0:00
Ryan Spooner 0 0 0 0 0 2 0 0 0 0 1/2 6:29 0:00 0:00
Tanner Pearson 1 0 1 1 0 6 0 1 1 0 2/9 25:21 5:32 3:18
Trevor Carrick 0 0 0 -1 2 0 0 0 0 0 0/0 10:28 0:00 0:19
Tyler Shattock 0 0 0 0 0 0 0 0 0 0 0/0 1:32 0:35 0:00
Victor Rask 1 0 1 1 0 5 3 0 0 0 2/7 10:22 0:00 0:00
Vladimir Sobotka 0 1 1 1 2 5 2 1 2 0 16/28 23:52 5:32 2:25
3 Stars
1 - Zac Dalpe (Stf)
2 - Philip Varone (Anc)
3 - Victor Rask (Anc)
Power Play
Rafales - 1 on 4 Attempt(s) - 25.00%
Inferno - 0 on 6 Attempt(s) - 0.00%
Penalty Kill
Rafales - 6 on 6 Attempt(s) - 100.00%
- Score 0 goal in Penalty Kill
Inferno - 3 on 4 Attempt(s) - 75.00%
- Score 0 goal in Penalty Kill
Team Stat
Rafales - Hits : 22 - Faceoff Wins : 33 - Blocked Shots : 10 - Penalty Minutes : 12
Inferno - Hits : 17 - Faceoff Wins : 29 - Blocked Shots : 7 - Penalty Minutes : 8
Official
Referees : Unknown
Linesman : Unknown
Game Notes
Gabriel Carlsson is injured at 5:31 of 1st period (Left Hand)
Finance
Level 1 -- Attendance: 1443 (72.15%) -- Ticket Income $57,720
Level 2 -- Attendance: 752 (75.20%) -- Ticket Income $15,040
Total Attendance: 2195 (73.17%)
Total Ticket Income: $72,760
Other Income: $3,638
Total Income: $76,398
Rafales
5 vs 5 Forward
Center Left Wing Right Wing Time % Phy DF OF
1 Zac Dalpe James Sheppard Brian Ferlin 40 1 1 3
2 Jayson Megna Garret Ross Andrew Shaw 30 2 1 2
3 Joe Labate Ben Thomson James Livingstone 20 1 1 3
4 Pavel Kraskovsky Tyrell Goulbourne Borna Rendulic 10 1 2 2
5 vs 5 Defense
Defense Defense Time % Phy DF OF
1 Connor Murphy Julian Melchiori 43 1 1 3
2 Joey Laleggia Cade Fairchild 33 1 2 2
3 Slater Koekkoek Gabriel Carlsson 24 1 2 2
4 Cade Fairchild Gabriel Carlsson 0 1 1 3
PowerPlay Forward
Center Left Wing Right Wing Time % Phy DF OF
1 Zac Dalpe James Sheppard Brian Ferlin 60 0 1 4
2 Jayson Megna Garret Ross Andrew Shaw 40 1 0 4
PowerPlay Defense
Defense Defense Time % Phy DF OF
1 Connor Murphy Julian Melchiori 60 1 1 3
2 Cade Fairchild Gabriel Carlsson 40 1 1 3
Penalty Kill 4 Players Forward
Center Wing Time % Phy DF OF
1 Jayson Megna Brian Ferlin 60 3 2 0
2 Zac Dalpe James Sheppard 40 1 3 1
Penalty Kill 4 Players Defense
Defense Defense Time % Phy DF OF
1 Connor Murphy Julian Melchiori 60 2 2 1
2 Cade Fairchild Gabriel Carlsson 40 1 3 1
Penalty Kill - 3 Players Forward
Forward Time % Phy DF OF
1 Jayson Megna 60 3 2 0
2 Andrew Shaw 40 1 3 1
Penalty Kill - 3 Players Defense
Defense Defense Time % Phy DF OF
1 Connor Murphy Julian Melchiori 60 2 3 0
2 Cade Fairchild Gabriel Carlsson 40 1 4 0
4 vs 4 Forward
Center Wing Time % Phy DF OF
1 Zac Dalpe Andrew Shaw 60 1 2 2
2 Jayson Megna James Sheppard 40 1 2 2
4 vs 4 Defense
Defense Defense Time % Phy DF OF
1 Connor Murphy Julian Melchiori 60 1 2 2
2 Cade Fairchild Gabriel Carlsson 40 1 2 2
Last Minutes Offensive
Center Left Wing Right Wing Defense Defense
Zac Dalpe James Sheppard Andrew Shaw Connor Murphy Julian Melchiori
Last Minutes Defensive
Center Left Wing Right Wing Defense Defense
Zac Dalpe James Sheppard Andrew Shaw Connor Murphy Julian Melchiori
Goaltenders
Starting : Sean Maguire
Backup : Leland Irving
Extra Forwards
Normal : Andrew Shaw, Brian Ferlin, Zac Dalpe - PP : Andrew Shaw, Brian Ferlin - PK : Brian Ferlin
Extra Defensemen
Normal : Connor Murphy, Gabriel Carlsson, Julian Melchiori - PP : Connor Murphy - PK : Gabriel Carlsson, Cade Fairchild
Penalty Shots
Andrew Shaw, Zac Dalpe, Brian Ferlin, James Sheppard, James Livingstone
Scratches
Ryan Bourque (Healthy), Ben Johnson (Healthy), Alexander Yelesin (Healthy), Blake Speers (Healthy), Brad Ross (Healthy)
Dylan McIlrath (Strained Right Knee Injury), David Broll (Healthy), Chris Driedger (Healthy)
Inferno
5 vs 5 Forward
Center Left Wing Right Wing Time % Phy DF OF
1 Vladimir Sobotka Tanner Pearson Bryan Rust 40 1 2 2
2 Philip Varone Matthew Nieto Kevin Labanc 30 1 2 2
3 Victor Rask Jake DeBrusk Evgeny Svechnikov 20 1 2 2
4 Ryan Spooner Peter Cehlarik Barclay Goodrow 10 1 2 2
5 vs 5 Defense
Defense Defense Time % Phy DF OF
1 David Savard Esa Lindell 40 1 2 2
2 Greg Pateryn Mathieu Brodeur 30 1 2 2
3 Rasmus Andersson Trevor Carrick 20 1 2 2
4 John Gilmour Petteri Lindbohm 10 1 2 2
PowerPlay Forward
Center Left Wing Right Wing Time % Phy DF OF
1 Vladimir Sobotka Tanner Pearson Bryan Rust 60 1 2 2
2 Philip Varone Matthew Nieto Kevin Labanc 40 1 2 2
PowerPlay Defense
Defense Defense Time % Phy DF OF
1 David Savard Esa Lindell 60 1 2 2
2 Greg Pateryn Mathieu Brodeur 40 1 2 2
Penalty Kill 4 Players Forward
Center Wing Time % Phy DF OF
1 Tanner Pearson Vladimir Sobotka 60 1 2 2
2 Bryan Rust Philip Varone 40 1 2 2
Penalty Kill 4 Players Defense
Defense Defense Time % Phy DF OF
1 David Savard Esa Lindell 60 1 2 2
2 Greg Pateryn Mathieu Brodeur 40 1 2 2
Penalty Kill - 3 Players Forward
Forward Time % Phy DF OF
1 Tanner Pearson 60 1 2 2
2 Vladimir Sobotka 40 1 2 2
Penalty Kill - 3 Players Defense
Defense Defense Time % Phy DF OF
1 David Savard Esa Lindell 60 1 2 2
2 Greg Pateryn Mathieu Brodeur 40 1 2 2
4 vs 4 Forward
Center Wing Time % Phy DF OF
1 Tanner Pearson Vladimir Sobotka 60 1 2 2
2 Bryan Rust Philip Varone 40 1 2 2
4 vs 4 Defense
Defense Defense Time % Phy DF OF
1 David Savard Esa Lindell 60 1 2 2
2 Greg Pateryn Mathieu Brodeur 40 1 2 2
Last Minutes Offensive
Center Left Wing Right Wing Defense Defense
Vladimir Sobotka Tanner Pearson Bryan Rust David Savard Esa Lindell
Last Minutes Defensive
Center Left Wing Right Wing Defense Defense
Vladimir Sobotka Tanner Pearson Bryan Rust David Savard Esa Lindell
Goaltenders
Starting : Michael Hutchinson
Backup : Antti Raanta
Extra Forwards
Normal : Tyler Shattock, Chris Brown, Eric Karlsson - PP : Tyler Shattock, Chris Brown - PK : Eric Karlsson
Extra Defensemen
Normal : Dominik Masin, Rasmus Andersson, Trevor Carrick - PP : Dominik Masin - PK : Rasmus Andersson, Trevor Carrick
Penalty Shots
Tanner Pearson, Vladimir Sobotka, Bryan Rust, Philip Varone, Matthew Nieto
Scratches
Frank Corrado (Bruised Right Shoulder Injury), Christian Jaros (Healthy), Alexander True (Healthy), Vladislav Kamenev (Healthy), Brandon Hickey (Healthy)
Nathan Lieuwen (Healthy), Vitek Vanecek (Healthy)
% Time on Ice - Rafales
Lines # - Real PCT - Wanted PCT - Time Play
Normal Forward
1 - 35% - 40% - 14:54
2 - 26% - 30% - 11:15
3 - 22% - 20% - 9:38
4 - 17% - 10% - 7:08
Normal Defense
1 - 31% - 43% - 13:25
2 - 32% - 33% - 13:43
3 - 28% - 24% - 12:04
4 - 9% - 0% - 3:43
PP Forward
1 - 59% - 60% - 3:02
2 - 41% - 40% - 2:09
PP Defense
1 - 57% - 60% - 2:56
2 - 43% - 40% - 2:15
PK Forward
1 - 77% - 60% - 8:24
2 - 23% - 40% - 2:29
PK Defense
1 - 44% - 60% - 4:45
2 - 56% - 40% - 6:08
PK3 Forward
1 - 0% - 60%
2 - 0% - 40%
PK3 Defense
1 - 0% - 60%
2 - 0% - 40%
44 Forward
1 - 70% - 60% - 1:48
2 - 30% - 40% - 0:47
44 Defense
1 - 45% - 60% - 1:10
2 - 55% - 40% - 1:25
Last Minute Offensive - 0:00
Last Minute Defensive - 0:00
Total
Forward - 61:34
Defense - 61:34
|
% Time on Ice - Inferno
Lines # - Real PCT - Wanted PCT - Time Play
Normal Forward
1 - 35% - 40% - 15:14
2 - 25% - 30% - 10:50
3 - 24% - 20% - 10:22
4 - 15% - 10% - 6:29
Normal Defense
1 - 36% - 40% - 15:15
2 - 29% - 30% - 12:15
3 - 23% - 20% - 9:59
4 - 13% - 10% - 5:26
PP Forward
1 - 57% - 60% - 6:15
2 - 43% - 40% - 4:38
PP Defense
1 - 64% - 60% - 6:56
2 - 36% - 40% - 3:57
PK Forward
1 - 80% - 60% - 3:59
2 - 20% - 40% - 0:59
PK Defense
1 - 68% - 60% - 3:23
2 - 32% - 40% - 1:35
PK3 Forward
1 - 100% - 60% - 0:13
2 - 0% - 40% - 0:00
PK3 Defense
1 - 100% - 60% - 0:13
2 - 0% - 40% - 0:00
44 Forward
1 - 82% - 60% - 2:07
2 - 18% - 40% - 0:28
44 Defense
1 - 64% - 60% - 1:39
2 - 36% - 40% - 0:56
Last Minute Offensive - 0:00
Last Minute Defensive - 0:00
Total
Forward - 61:34
Defense - 61:34
|
Play-by-Play
1st period
0:01 of 1st period - Vladimir Sobotka wins face-off versus Zac Dalpe in neutral zone.
0:04 of 1st period - Snap shot by Tanner Pearson.
0:04 of 1st period - Stopped by Sean Maguire with a rebound.
0:12 of 1st period - Esa Lindell is hit by Julian Melchiori and loses puck.
0:46 of 1st period - Greg Pateryn is hit by Connor Murphy and loses puck.
0:53 of 1st period - Connor Murphy is hit by Mathieu Brodeur and loses puck.
1:08 of 1st period - Snap shot by Ryan Spooner.
1:08 of 1st period - Deflect By Barclay Goodrow.
1:08 of 1st period - Shot Misses the Net.
1:08 of 1st period - Puck is out of play.
1:09 of 1st period - Pavel Kraskovsky wins face-off versus Ryan Spooner in Rafales zone.
3:06 of 1st period - Slapshot by Andrew Shaw.
3:06 of 1st period - Shot Misses the Net.
3:42 of 1st period - Wrist shot by Victor Rask.
3:42 of 1st period - Deflect By Evgeny Svechnikov.
3:42 of 1st period - Stopped by Sean Maguire with a rebound.
3:44 of 1st period - Snap shot by Victor Rask.
3:44 of 1st period - Goal by Victor Rask - Rafales : 0 - Inferno : 1.
3:45 of 1st period - Zac Dalpe wins face-off versus Vladimir Sobotka in neutral zone.
3:55 of 1st period - Snap shot by James Sheppard.
3:55 of 1st period - Stopped by Michael Hutchinson with a rebound.
4:01 of 1st period - Julian Melchiori is hit by Greg Pateryn and loses puck.
4:12 of 1st period - Greg Pateryn is hit by Andrew Shaw and loses puck.
5:30 of 1st period - Gabriel Carlsson is hit by Vladimir Sobotka.
5:31 of 1st period - Gabriel Carlsson from Rafales is injured at 5:31 of 1st period (Left Hand).
5:32 of 1st period - Jayson Megna wins face-off versus Vladimir Sobotka in Rafales zone.
5:58 of 1st period - Julian Melchiori is hit by Greg Pateryn.
6:22 of 1st period - Slapshot by Joe Labate.
6:22 of 1st period - Stopped by Michael Hutchinson without a rebound.
6:23 of 1st period - Jayson Megna wins face-off versus Victor Rask in Inferno zone.
6:24 of 1st period - Slapshot by Andrew Shaw.
6:24 of 1st period - Shot Misses the Net.
6:36 of 1st period - Wrist shot by Garret Ross.
6:36 of 1st period - Stopped by Michael Hutchinson with a rebound.
6:38 of 1st period - Slapshot by Slater Koekkoek.
6:38 of 1st period - Shot Blocked by Esa Lindell.
6:52 of 1st period - Wrist shot by James Livingstone.
6:52 of 1st period - Stopped by Michael Hutchinson with a rebound.
6:54 of 1st period - Wrist shot by Slater Koekkoek.
6:54 of 1st period - Deflect By James Livingstone.
6:54 of 1st period - Stopped by Michael Hutchinson without a rebound.
6:55 of 1st period - Vladimir Sobotka wins face-off versus Joe Labate in Inferno zone.
7:10 of 1st period - Slapshot by Tanner Pearson.
7:10 of 1st period - Stopped by Sean Maguire with a rebound.
7:12 of 1st period - Backhand shot by Tanner Pearson.
7:12 of 1st period - Shot Misses the Net.
7:50 of 1st period - Wrist shot by Ryan Spooner.
7:50 of 1st period - Stopped by Sean Maguire without a rebound.
7:51 of 1st period - Vladimir Sobotka wins face-off versus Zac Dalpe in Rafales zone.
8:41 of 1st period - Cade Fairchild is hit by Victor Rask and loses puck.
9:08 of 1st period - Snap shot by Ryan Spooner.
9:08 of 1st period - Deflect By Peter Cehlarik.
9:08 of 1st period - Shot Blocked by Borna Rendulic.
9:08 of 1st period - Puck is out of play.
9:09 of 1st period - Vladimir Sobotka wins face-off versus Zac Dalpe in Rafales zone.
9:12 of 1st period - Snap shot by Bryan Rust.
9:12 of 1st period - Stopped by Sean Maguire with a rebound.
9:43 of 1st period - Snap shot by Kevin Labanc.
9:43 of 1st period - Stopped by Sean Maguire with a rebound.
9:45 of 1st period - Slapshot by Philip Varone.
9:45 of 1st period - Shot Blocked by Julian Melchiori.
9:47 of 1st period - Slapshot by Mathieu Brodeur.
9:47 of 1st period - Shot Misses the Net.
9:57 of 1st period - Rasmus Andersson is hit by Joe Labate and loses puck.
10:43 of 1st period - Julian Melchiori is hit by Vladimir Sobotka.
11:00 of 1st period - Icing by Andrew Shaw.
11:01 of 1st period - Philip Varone wins face-off versus Jayson Megna in Rafales zone.
11:02 of 1st period - Snap shot by Kevin Labanc.
11:02 of 1st period - Shot Blocked by Andrew Shaw.
11:28 of 1st period - Zac Dalpe is hit by Mathieu Brodeur and loses puck.
11:37 of 1st period - Slapshot by Tanner Pearson.
11:37 of 1st period - Stopped by Sean Maguire without a rebound.
11:38 of 1st period - Vladimir Sobotka wins face-off versus Joe Labate in Rafales zone.
12:06 of 1st period - Esa Lindell is hit by Zac Dalpe and loses puck.
12:47 of 1st period - Off-side.
12:48 of 1st period - Pavel Kraskovsky wins face-off versus Vladimir Sobotka in neutral zone.
12:51 of 1st period - Snap shot by Joey Laleggia.
12:51 of 1st period - Shot Blocked by Vladimir Sobotka.
12:53 of 1st period - Slapshot by Joey Laleggia.
12:53 of 1st period - Shot Blocked by Bryan Rust.
12:55 of 1st period - Snap shot by Borna Rendulic.
12:55 of 1st period - Stopped by Michael Hutchinson with a rebound.
12:57 of 1st period - Slapshot by Joey Laleggia.
12:57 of 1st period - Stopped by Michael Hutchinson with a rebound.
12:59 of 1st period - Snap shot by Pavel Kraskovsky.
12:59 of 1st period - Stopped by Michael Hutchinson with a rebound.
13:01 of 1st period - Snap shot by Cade Fairchild.
13:01 of 1st period - Stopped by Michael Hutchinson without a rebound.
13:02 of 1st period - Zac Dalpe wins face-off versus Vladimir Sobotka in Inferno zone.
13:07 of 1st period - Slapshot by Brian Ferlin.
13:07 of 1st period - Stopped by Michael Hutchinson with a rebound.
13:09 of 1st period - Snap shot by Zac Dalpe.
13:09 of 1st period - Shot Blocked by Tanner Pearson.
13:27 of 1st period - Philip Varone is hit by Andrew Shaw and loses puck.
13:52 of 1st period - Mathieu Brodeur is hit by Cade Fairchild and loses puck.
14:50 of 1st period - Backhand shot by Andrew Shaw.
14:50 of 1st period - Shot Misses the Net.
15:14 of 1st period - Snap shot by Zac Dalpe.
15:14 of 1st period - Shot Misses the Net.
15:28 of 1st period - Wrist shot by Tanner Pearson.
15:28 of 1st period - Shot Misses the Net.
15:30 of 1st period - Snap shot by Vladimir Sobotka.
15:30 of 1st period - Stopped by Sean Maguire without a rebound.
15:31 of 1st period - Philip Varone wins face-off versus Jayson Megna in Rafales zone.
15:32 of 1st period - Snap shot by Kevin Labanc.
15:32 of 1st period - Shot Hit the Post.
15:34 of 1st period - Snap shot by Philip Varone.
15:34 of 1st period - Shot Misses the Net.
15:36 of 1st period - Slapshot by Greg Pateryn.
15:36 of 1st period - Shot Misses the Net.
15:42 of 1st period - Snap shot by Kevin Labanc.
15:42 of 1st period - Shot Misses the Net.
15:44 of 1st period - Snap shot by Kevin Labanc.
15:44 of 1st period - Shot Blocked by Connor Murphy.
15:46 of 1st period - Slapshot by Mathieu Brodeur.
15:46 of 1st period - Stopped by Sean Maguire without a rebound.
15:47 of 1st period - Zac Dalpe wins face-off versus Victor Rask in Rafales zone.
15:54 of 1st period - Wrist shot by Jake DeBrusk.
15:54 of 1st period - Stopped by Sean Maguire with a rebound.
15:56 of 1st period - Slapshot by Greg Pateryn.
15:56 of 1st period - Shot Misses the Net.
15:58 of 1st period - Slapshot by Mathieu Brodeur.
15:58 of 1st period - Stopped by Sean Maguire without a rebound.
15:59 of 1st period - Zac Dalpe wins face-off versus Matthew Nieto in Rafales zone.
16:08 of 1st period - Snap shot by Zac Dalpe.
16:08 of 1st period - Shot Misses the Net.
16:10 of 1st period - Slapshot by Julian Melchiori.
16:10 of 1st period - Deflect By Zac Dalpe.
16:10 of 1st period - Shot Misses the Net.
16:10 of 1st period - Puck is out of play.
16:11 of 1st period - Vladimir Sobotka wins face-off versus Zac Dalpe in Inferno zone.
16:11 of 1st period - Vladimir Sobotka is hit by Zac Dalpe.
16:19 of 1st period - Snap shot by Vladimir Sobotka.
16:19 of 1st period - Stopped by Sean Maguire without a rebound.
16:20 of 1st period - Vladimir Sobotka wins face-off versus Zac Dalpe in Rafales zone.
16:29 of 1st period - Snap shot by Bryan Rust.
16:29 of 1st period - Shot Misses the Net.
16:37 of 1st period - Slapshot by Tanner Pearson.
16:37 of 1st period - Shot Misses the Net.
17:38 of 1st period - Minor Penalty to Brian Ferlin for Goalie Interference.
17:39 of 1st period - Jayson Megna wins face-off versus Philip Varone in Rafales zone.
17:39 of 1st period - Jayson Megna is hit by Philip Varone.
17:56 of 1st period - Cade Fairchild is hit by Philip Varone and loses puck.
19:38 of 1st period - Penalty to Brian Ferlin is over, Brian Ferlin is back on ice.
19:49 of 1st period - Wrist shot by Ryan Spooner.
19:49 of 1st period - Shot Misses the Net.
19:51 of 1st period - Slapshot by Greg Pateryn.
19:51 of 1st period - Shot Blocked by Joey Laleggia.
Goals for this period are 0 for Rafales vs 1 for Inferno.
Shots for this period are 10 for Rafales vs 13 for Inferno.
2nd period
0:01 of 2nd period - Jayson Megna wins face-off versus Philip Varone in neutral zone.
0:04 of 2nd period - Slapshot by Connor Murphy.
0:04 of 2nd period - Stopped by Michael Hutchinson without a rebound.
0:05 of 2nd period - Jayson Megna wins face-off versus Kevin Labanc in Inferno zone.
0:06 of 2nd period - Snap shot by Andrew Shaw.
0:06 of 2nd period - Stopped by Michael Hutchinson with a rebound.
0:26 of 2nd period - Minor Penalty to Garret Ross for Interference.
0:27 of 2nd period - Vladimir Sobotka wins face-off versus Jayson Megna in Rafales zone.
0:42 of 2nd period - Slapshot by Tanner Pearson.
0:42 of 2nd period - Shot Blocked by Julian Melchiori.
0:44 of 2nd period - Snap shot by Tanner Pearson.
0:44 of 2nd period - Shot Misses the Net.
1:17 of 2nd period - Slapshot by Bryan Rust.
1:17 of 2nd period - Stopped by Sean Maguire with a rebound.
1:37 of 2nd period - Jayson Megna is hit by Philip Varone and loses puck.
2:26 of 2nd period - Penalty to Garret Ross is over, Garret Ross is back on ice.
2:34 of 2nd period - Off-side.
2:35 of 2nd period - Pavel Kraskovsky wins face-off versus Victor Rask in neutral zone.
2:38 of 2nd period - Wrist shot by Cade Fairchild.
2:38 of 2nd period - Stopped by Michael Hutchinson without a rebound.
2:39 of 2nd period - Victor Rask wins face-off versus Joe Labate in Inferno zone.
2:50 of 2nd period - Snap shot by Jake DeBrusk.
2:50 of 2nd period - Stopped by Sean Maguire without a rebound.
2:51 of 2nd period - Zac Dalpe wins face-off versus Philip Varone in Rafales zone.
2:56 of 2nd period - Snap shot by Brian Ferlin.
2:56 of 2nd period - Goal by Brian Ferlin - Rafales : 1 - Inferno : 1.
2:57 of 2nd period - Philip Varone wins face-off versus Zac Dalpe in neutral zone.
3:31 of 2nd period - Snap shot by Andrew Shaw.
3:31 of 2nd period - Stopped by Michael Hutchinson with a rebound.
3:33 of 2nd period - Snap shot by Connor Murphy.
3:33 of 2nd period - Deflect By Andrew Shaw.
3:33 of 2nd period - Stopped by Michael Hutchinson without a rebound.
3:34 of 2nd period - Vladimir Sobotka wins face-off versus Joe Labate in Inferno zone.
3:43 of 2nd period - Wrist shot by Tanner Pearson.
3:43 of 2nd period - Shot Blocked by Joe Labate.
3:59 of 2nd period - Minor Penalty to Trevor Carrick for Hooking.
4:00 of 2nd period - Brian Ferlin wins face-off versus Tanner Pearson in Inferno zone.
4:07 of 2nd period - Snap shot by Zac Dalpe.
4:07 of 2nd period - Shot Misses the Net.
4:09 of 2nd period - Slapshot by Connor Murphy.
4:09 of 2nd period - Shot Blocked by David Savard.
4:11 of 2nd period - Wrist shot by Brian Ferlin.
4:11 of 2nd period - Deflect By Zac Dalpe.
4:11 of 2nd period - Shot Misses the Net.
4:11 of 2nd period - Puck is out of play.
4:12 of 2nd period - Tanner Pearson wins face-off versus Zac Dalpe in Inferno zone.
4:14 of 2nd period - Minor Penalty to Vladimir Sobotka for Delaying the game.
4:15 of 2nd period - Zac Dalpe wins face-off versus Tanner Pearson in Inferno zone.
4:23 of 2nd period - Slapshot by Zac Dalpe.
4:23 of 2nd period - Shot Misses the Net.
4:27 of 2nd period - Wrist shot by Zac Dalpe.
4:27 of 2nd period - Goal by Zac Dalpe - Rafales : 2 - Inferno : 1.
4:28 of 2nd period - Tanner Pearson wins face-off versus Zac Dalpe in neutral zone.
5:12 of 2nd period - Minor Penalty to Cade Fairchild for Elbowing.
5:13 of 2nd period - Zac Dalpe wins face-off versus Tanner Pearson in Rafales zone.
6:00 of 2nd period - Greg Pateryn is hit by James Sheppard and loses puck.
6:14 of 2nd period - Penalty to Vladimir Sobotka is over, Vladimir Sobotka is back on ice.
6:17 of 2nd period - Mathieu Brodeur is hit by Brian Ferlin and loses puck.
6:38 of 2nd period - Vladimir Sobotka is hit by Brian Ferlin.
6:50 of 2nd period - Connor Murphy is hit by David Savard and loses puck.
7:05 of 2nd period - Snap shot by Vladimir Sobotka.
7:05 of 2nd period - Stopped by Sean Maguire without a rebound.
7:06 of 2nd period - Zac Dalpe wins face-off versus Philip Varone in Rafales zone.
7:12 of 2nd period - Penalty to Cade Fairchild is over, Cade Fairchild is back on ice.
7:15 of 2nd period - James Sheppard is hit by Matthew Nieto and loses puck.
7:43 of 2nd period - Snap shot by Andrew Shaw.
7:43 of 2nd period - Shot Misses the Net.
7:57 of 2nd period - Slapshot by Borna Rendulic.
7:57 of 2nd period - Shot Misses the Net.
7:59 of 2nd period - Slapshot by Julian Melchiori.
7:59 of 2nd period - Deflect By Barclay Goodrow.
7:59 of 2nd period - Stopped by Michael Hutchinson without a rebound.
8:00 of 2nd period - Pavel Kraskovsky wins face-off versus Philip Varone in Inferno zone.
9:02 of 2nd period - Wrist shot by Victor Rask.
9:02 of 2nd period - Stopped by Sean Maguire with a rebound.
9:28 of 2nd period - Snap shot by Victor Rask.
9:28 of 2nd period - Stopped by Sean Maguire without a rebound.
9:29 of 2nd period - Zac Dalpe wins face-off versus Vladimir Sobotka in Rafales zone.
9:34 of 2nd period - Wrist shot by Bryan Rust.
9:34 of 2nd period - Stopped by Sean Maguire with a rebound.
9:36 of 2nd period - Slapshot by Tanner Pearson.
9:36 of 2nd period - Deflect By Vladimir Sobotka.
9:36 of 2nd period - Shot Misses the Net.
9:36 of 2nd period - Puck is out of play.
9:37 of 2nd period - Vladimir Sobotka wins face-off versus Zac Dalpe in Rafales zone.
9:54 of 2nd period - Slapshot by Tanner Pearson.
9:54 of 2nd period - Shot Blocked by Brian Ferlin.
9:56 of 2nd period - Snap shot by Bryan Rust.
9:56 of 2nd period - Shot Misses the Net.
10:00 of 2nd period - Snap shot by Tanner Pearson.
10:00 of 2nd period - Stopped by Sean Maguire with a rebound.
10:02 of 2nd period - Slapshot by Esa Lindell.
10:02 of 2nd period - Stopped by Sean Maguire without a rebound.
10:03 of 2nd period - Jayson Megna wins face-off versus Philip Varone in Rafales zone.
10:03 of 2nd period - Jayson Megna is hit by Philip Varone.
10:13 of 2nd period - Snap shot by Andrew Shaw.
10:13 of 2nd period - Stopped by Michael Hutchinson with a rebound.
10:32 of 2nd period - Wrist shot by Joe Labate.
10:32 of 2nd period - Shot Misses the Net.
10:34 of 2nd period - Slapshot by Connor Murphy.
10:34 of 2nd period - Deflect By Ben Thomson.
10:34 of 2nd period - Shot Misses the Net.
10:34 of 2nd period - Puck is out of play.
10:35 of 2nd period - Vladimir Sobotka wins face-off versus Joe Labate in Inferno zone.
10:50 of 2nd period - Wrist shot by James Livingstone.
10:50 of 2nd period - Stopped by Michael Hutchinson with a rebound.
10:52 of 2nd period - Minor Penalty to David Savard for Cross-checking.
10:53 of 2nd period - Zac Dalpe wins face-off versus Tanner Pearson in Inferno zone.
11:09 of 2nd period - Wrist shot by Brian Ferlin.
11:09 of 2nd period - Shot Misses the Net.
12:52 of 2nd period - Penalty to David Savard is over, David Savard is back on ice.
13:02 of 2nd period - Slapshot by Ben Thomson.
13:02 of 2nd period - Deflect By Joe Labate.
13:02 of 2nd period - Stopped by Michael Hutchinson without a rebound.
13:03 of 2nd period - Philip Varone wins face-off versus Joe Labate in Inferno zone.
13:03 of 2nd period - Philip Varone is hit by Cade Fairchild.
13:35 of 2nd period - Slapshot by Esa Lindell.
13:35 of 2nd period - Stopped by Sean Maguire with a rebound.
13:45 of 2nd period - Snap shot by James Livingstone.
13:45 of 2nd period - Shot Misses the Net.
13:47 of 2nd period - Wrist shot by Ben Thomson.
13:47 of 2nd period - Shot Misses the Net.
13:49 of 2nd period - Slapshot by Ben Thomson.
13:49 of 2nd period - Shot Misses the Net.
13:55 of 2nd period - Wrist shot by Ben Thomson.
13:55 of 2nd period - Stopped by Michael Hutchinson with a rebound.
13:57 of 2nd period - Wrist shot by Ben Thomson.
13:57 of 2nd period - Stopped by Michael Hutchinson without a rebound.
13:58 of 2nd period - Vladimir Sobotka wins face-off versus Zac Dalpe in Inferno zone.
16:12 of 2nd period - Snap shot by Vladimir Sobotka.
16:12 of 2nd period - Stopped by Sean Maguire with a rebound.
16:14 of 2nd period - Snap shot by Vladimir Sobotka.
16:14 of 2nd period - Stopped by Sean Maguire without a rebound.
16:15 of 2nd period - Jayson Megna wins face-off versus Vladimir Sobotka in Rafales zone.
17:21 of 2nd period - Icing by Vladimir Sobotka.
17:22 of 2nd period - Vladimir Sobotka wins face-off versus Jayson Megna in Inferno zone.
17:48 of 2nd period - Trevor Carrick is hit by Cade Fairchild and loses puck.
17:53 of 2nd period - Wrist shot by Ben Thomson.
17:53 of 2nd period - Stopped by Michael Hutchinson with a rebound.
18:18 of 2nd period - Wrist shot by Victor Rask.
18:18 of 2nd period - Stopped by Sean Maguire with a rebound.
19:16 of 2nd period - Off-side.
19:17 of 2nd period - Ryan Spooner wins face-off versus Pavel Kraskovsky in neutral zone.
19:20 of 2nd period - Slapshot by Ryan Spooner.
19:20 of 2nd period - Stopped by Sean Maguire with a rebound.
19:26 of 2nd period - Slapshot by Connor Murphy.
19:26 of 2nd period - Stopped by Michael Hutchinson without a rebound.
19:27 of 2nd period - Philip Varone wins face-off versus Zac Dalpe in Inferno zone.
19:39 of 2nd period - Slapshot by Kevin Labanc.
19:39 of 2nd period - Shot Blocked by Zac Dalpe.
19:54 of 2nd period - Minor Penalty to Slater Koekkoek for Hooking.
19:55 of 2nd period - Jayson Megna wins face-off versus Vladimir Sobotka in Rafales zone.
Goals for this period are 2 for Rafales vs 0 for Inferno.
Shots for this period are 15 for Rafales vs 13 for Inferno.
3rd period
0:01 of 3rd period - Jayson Megna wins face-off versus Vladimir Sobotka in neutral zone.
0:12 of 3rd period - Snap shot by Brian Ferlin.
0:12 of 3rd period - Shot Blocked by David Savard.
0:36 of 3rd period - Slapshot by Esa Lindell.
0:36 of 3rd period - Deflect By Matthew Nieto.
0:36 of 3rd period - Stopped by Sean Maguire with a rebound.
1:54 of 3rd period - Penalty to Slater Koekkoek is over, Slater Koekkoek is back on ice.
2:10 of 3rd period - Tyrell Goulbourne is hit by Victor Rask and loses puck.
2:33 of 3rd period - Slapshot by Ryan Spooner.
2:33 of 3rd period - Deflect By Peter Cehlarik.
2:33 of 3rd period - Shot Blocked by Slater Koekkoek.
2:33 of 3rd period - Puck is out of play.
2:34 of 3rd period - Victor Rask wins face-off versus Joe Labate in Rafales zone.
2:43 of 3rd period - Jake DeBrusk is hit by Joe Labate and loses puck.
3:09 of 3rd period - Mathieu Brodeur is hit by James Sheppard and loses puck.
3:52 of 3rd period - Snap shot by Pavel Kraskovsky.
3:52 of 3rd period - Stopped by Michael Hutchinson without a rebound.
3:53 of 3rd period - Vladimir Sobotka wins face-off versus Zac Dalpe in Inferno zone.
3:53 of 3rd period - Vladimir Sobotka is hit by Brian Ferlin.
4:46 of 3rd period - Snap shot by Esa Lindell.
4:46 of 3rd period - Shot Misses the Net.
5:28 of 3rd period - Off-side.
5:29 of 3rd period - Zac Dalpe wins face-off versus Vladimir Sobotka in neutral zone.
6:10 of 3rd period - Wrist shot by Philip Varone.
6:10 of 3rd period - Stopped by Sean Maguire without a rebound.
6:11 of 3rd period - Joe Labate wins face-off versus Victor Rask in Rafales zone.
6:11 of 3rd period - Joe Labate is hit by Victor Rask.
6:22 of 3rd period - Minor Penalty to Jake DeBrusk for High sticking.
6:23 of 3rd period - Brian Ferlin wins face-off versus Tanner Pearson in Inferno zone.
6:23 of 3rd period - Snap shot by Zac Dalpe.
6:23 of 3rd period - Stopped by Michael Hutchinson with a rebound.
6:49 of 3rd period - Vladimir Sobotka is hit by Julian Melchiori and loses puck.
6:58 of 3rd period - Wrist shot by Andrew Shaw.
6:58 of 3rd period - Shot Hit the Post.
7:08 of 3rd period - Tanner Pearson is hit by Slater Koekkoek and loses puck.
7:24 of 3rd period - Off-side.
7:25 of 3rd period - Bryan Rust wins face-off versus Jayson Megna in neutral zone.
7:37 of 3rd period - Snap shot by Philip Varone.
7:37 of 3rd period - Shot Misses the Net.
8:03 of 3rd period - Greg Pateryn is hit by Jayson Megna and loses puck.
8:22 of 3rd period - Penalty to Jake DeBrusk is over, Jake DeBrusk is back on ice.
8:36 of 3rd period - Wrist shot by Victor Rask.
8:36 of 3rd period - Stopped by Sean Maguire with a rebound.
8:55 of 3rd period - Slapshot by Connor Murphy.
8:55 of 3rd period - Stopped by Michael Hutchinson with a rebound.
8:57 of 3rd period - Wrist shot by Tyrell Goulbourne.
8:57 of 3rd period - Shot Blocked by Esa Lindell.
9:17 of 3rd period - Connor Murphy is hit by Barclay Goodrow and loses puck.
9:48 of 3rd period - Wrist shot by Kevin Labanc.
9:48 of 3rd period - Stopped by Sean Maguire without a rebound.
9:49 of 3rd period - Philip Varone wins face-off versus James Livingstone in Rafales zone.
9:50 of 3rd period - Slapshot by Matthew Nieto.
9:50 of 3rd period - Shot Misses the Net.
10:25 of 3rd period - Snap shot by Tanner Pearson.
10:25 of 3rd period - Stopped by Sean Maguire with a rebound.
10:40 of 3rd period - Minor Penalty to Jayson Megna for Elbowing.
10:41 of 3rd period - Vladimir Sobotka wins face-off versus Joe Labate in Rafales zone.
10:49 of 3rd period - Wrist shot by Tanner Pearson.
10:49 of 3rd period - Deflect By Bryan Rust.
10:49 of 3rd period - Stopped by Sean Maguire without a rebound.
10:50 of 3rd period - Joe Labate wins face-off versus Vladimir Sobotka in Rafales zone.
11:30 of 3rd period - Slater Koekkoek is hit by Philip Varone and loses puck.
12:40 of 3rd period - Penalty to Jayson Megna is over, Jayson Megna is back on ice.
12:50 of 3rd period - Snap shot by Barclay Goodrow.
12:50 of 3rd period - Stopped by Sean Maguire with a rebound.
13:00 of 3rd period - Barclay Goodrow is hit by Slater Koekkoek and loses puck.
14:11 of 3rd period - Snap shot by Garret Ross.
14:11 of 3rd period - Shot Misses the Net.
14:30 of 3rd period - Slapshot by Greg Pateryn.
14:30 of 3rd period - Stopped by Sean Maguire with a rebound.
15:29 of 3rd period - Icing by Borna Rendulic.
15:30 of 3rd period - Philip Varone wins face-off versus Zac Dalpe in Rafales zone.
15:48 of 3rd period - Off-side.
15:49 of 3rd period - Pavel Kraskovsky wins face-off versus Vladimir Sobotka in neutral zone.
15:56 of 3rd period - Snap shot by Pavel Kraskovsky.
15:56 of 3rd period - Deflect By Borna Rendulic.
15:56 of 3rd period - Shot Misses the Net.
15:56 of 3rd period - Puck is out of play.
15:57 of 3rd period - Joe Labate wins face-off versus Vladimir Sobotka in Inferno zone.
16:10 of 3rd period - Snap shot by Bryan Rust.
16:10 of 3rd period - Stopped by Sean Maguire with a rebound.
16:12 of 3rd period - Snap shot by Tanner Pearson.
16:12 of 3rd period - Goal by Tanner Pearson - Rafales : 2 - Inferno : 2.
16:13 of 3rd period - Joe Labate wins face-off versus Victor Rask in neutral zone.
16:15 of 3rd period - Minor Penalty to Connor Murphy for Holding.
16:16 of 3rd period - Vladimir Sobotka wins face-off versus Jayson Megna in Rafales zone.
16:30 of 3rd period - Snap shot by Brian Ferlin.
16:30 of 3rd period - Shot Misses the Net.
18:15 of 3rd period - Penalty to Connor Murphy is over, Connor Murphy is back on ice.
19:00 of 3rd period - Ryan Spooner is hit by Connor Murphy and loses puck.
19:17 of 3rd period - Tanner Pearson is hit by James Sheppard and loses puck.
Goals for this period are 0 for Rafales vs 1 for Inferno.
Shots for this period are 3 for Rafales vs 10 for Inferno.
Overtime #1
0:01 of 1st overtime period - Zac Dalpe wins face-off versus Tanner Pearson in neutral zone.
0:47 of 1st overtime period - Wrist shot by Philip Varone.
0:47 of 1st overtime period - Shot Misses the Net.
1:06 of 1st overtime period - Icing by Slater Koekkoek.
1:07 of 1st overtime period - Jayson Megna wins face-off versus Tanner Pearson in Rafales zone.
1:34 of 1st overtime period - Wrist shot by Philip Varone.
1:34 of 1st overtime period - Goal by Philip Varone - Rafales : 2 - Inferno : 3.
Goals for this period are 0 for Rafales vs 1 for Inferno.
Shots for this period are 0 for Rafales vs 1 for Inferno.